 Dungeon Crawl Stone Soup version 0.29.1-15-g9cfb28693d (webtiles) character file.

Game seed: 11437710070587190942

88 Sanktem7 the Trooper (level 4, 0/41 HPs)
             Began as a Minotaur Fighter on Mar 9, 2023.
             Slain by a gnoll
             ... wielding a +0 club
              (1 damage)
             ... on level 3 of the Dungeon.
             The game lasted 00:02:40 (2232 turns).

Sanktem7 the Trooper (Minotaur Fighter)             Turns: 2232, Time: 00:02:40

Health: 0/41       AC:  7    Str: 22    XL:     4   Next: 30%
Magic:  3/3        EV:  9    Int:  5    God:
Gold:   156        SH:  4    Dex: 10    Spells: 3/3 levels left

rFire   . . .      SeeInvis .   a - +0 war axe {axe}
rCold   + . .      Faith    .   c - +0 buckler
rNeg    . . .      Spirit   .   b - +0 scale mail
rPois   .          Reflect  .   (helmet restricted)
rElec   .          Harm     .   (no cloak)
rCorr   .          Rampage  .   (no gloves)
Will    .....                   (no boots)
Stlth   ..........              (no amulet)
HPRegen 0.13/turn               q - ring of protection from cold
MPRegen 0.08/turn               (no ring)

@: no status effects
A: horns 2, retaliatory headbutt
a: no special abilities


You were on level 3 of the Dungeon.
You visited 1 branch of the dungeon, and saw 3 of its levels.

You collected 156 gold pieces.


Innate Abilities, Weirdness & Mutations

You have a pair of horns on your head.
You reflexively headbutt those who attack you in melee.


   Skills:
 * Level 4.8 Fighting
 * Level 4.0 Axes
 + Level 4.2 Armour
 - Level 3.6 Shields


You had 3 spell levels left.
You didn't know any spells.
Your spell library contained the following spells:

 Spells                   Type           Power      Damage    Failure   Level
 Ensorcelled Hibernation  Hex/Ice        0%         N/A       95%         2
 Passwall                 Tmut/Erth      0%         N/A       95%         2
 Swiftness                Air            0%         N/A       99%         3

Inventory:

Hand Weapons
 a - a +0 war axe (weapon) {axe}
Missiles
 i - 44 stones (quivered) {throwing}
Armour
 b - a +0 scale mail (worn)
 c - a +0 buckler (worn)
 k - a +0 tower shield
   (You found it on level 1 of the Dungeon)
Jewellery
 q - a ring of protection from cold (left hand)
   (You found it on level 2 of the Dungeon)
Scrolls
 g - 3 scrolls of identify {unknown}
 l - a scroll of enchant weapon {unknown}
 n - a scroll of teleportation {unknown}
 o - a scroll of acquirement {unknown}
 p - a scroll of amnesia {unknown}
Potions
 d - 2 potions of might
 e - a potion of degeneration {unknown}
 f - 2 potions of heal wounds {unknown}
 h - 2 potions of mutation {unknown}
 j - a potion of haste {unknown}
 m - a potion of magic {unknown}

Dungeon Overview and Level Annotations

Branches:
Dungeon (3/15) Zot: 15733

Altars:

Shops:
D:2

:
.###....#..##..###.###.#
...........##..# #...#.#
#####........#####.#.#
#........##.##.....#.#
###.###.##.#..##.#####.#
###....#............#
###
.......#....>.......#
##.............g..$~#
.......#......gg@..~#
.#.....#..........~†~~#
.#..<..# ..........~#~#
.##....# ..........~~~#
.......# ...........#~#
###....# ..........~~~#
###### #######....~~#
########


You could see 3 gnolls.


Message History

You see here 9 gold pieces.
You closely miss the adder. The adder barely misses you.
The adder bites you but does no damage.
You barely miss the adder. You closely miss the river rat.
The adder barely misses you. The river rat barely misses you.
The adder bites you but does no damage.
You barely miss the adder. Your headbutt misses the adder.
You closely miss the river rat. The adder barely misses you.
The river rat closely misses you. The adder bites you but does no damage.
You miss the adder. You hit the river rat but do no damage.
The river rat bites you but does no damage.
The adder bites you but does no damage.
The river rat bites you but does no damage.
You closely miss the adder. You hit the river rat but do no damage.
The adder bites you.
You are poisoned.
The adder poisons you! The adder bites you but does no damage.
You block the river rat's attack. 😕 HP[-2]
You take 2 damage, and now have 32/34 hp.
You hit the adder. You hit the river rat.
You feel sick. The adder bites you.
You are more poisoned.
The adder poisons you! The river rat closely misses you.
The adder barely misses you. 😕 HP[-5]
You take 5 damage, and now have 27/34 hp.
You miss the adder. You hit the river rat.
You hear the brisk rusting of a drain.
You feel very sick. You block the river rat's attack.
The adder bites you but does no damage.
The river rat bites you but does no damage.
A gnoll comes into view. It is wielding a +0 club.
The adder completely misses you. 😮 HP[-3]
You take 3 damage, and now have 24/34 hp.
The gnoll shouts!
You slash the river rat!
You kill the river rat!
You barely miss the adder.
You feel sick.
You hear a shout!
The adder bites you.
You have reached level 4!
You feel agile. 😮 HP[-1] MP[+1]
You now have 41 max hp (+7).
Your mp is fully restored (3).
You closely miss the adder.
You feel sick. The adder barely misses you.
The adder bites you but does no damage. 😮 HP[-2]
You take 2 damage, and now have 21/41 hp.
You barely miss the adder.
You feel sick. The adder bites you but does no damage.
You block the adder's attack. 😨 HP[-1]
You take 1 damage, and now have 20/41 hp.
You completely miss the adder. Your headbutt misses the adder.
You feel sick. The adder bites you.
* * * LOW HITPOINT WARNING * * *
😨 HP[-3]
You take 3 damage, and now have 17/41 hp.
You feel sick. You block the adder's attack.
A gnoll comes into view. It is wielding a +0 club.
You block the gnoll's attack. The adder closely misses you. 😨 HP[-1]
You take 1 damage, and now have 16/41 hp.
You hit the gnoll. You barely miss the adder.
You feel sick.
You are no longer poisoned.
The adder barely misses you. The gnoll hits you with a +0 club.
* * * LOW HITPOINT WARNING * * *
😨 HP[-2]
You take 2 damage, and now have 14/41 hp.
You slash the gnoll! Your headbutt misses the gnoll. You barely miss the adder.
The adder bites you but does no damage. The gnoll barely misses you.
You furiously retaliate!
You headbutt the gnoll!
You kill the gnoll!
A gnoll comes into view. It is wielding a +0 club.
You block the adder's attack.
A gnoll comes into view. It is wielding a +0 halberd. 😨 HP[+1]
The gnoll shouts!
You see here a +0 club {mace}.
You barely miss the adder. You headbutt the adder.
The adder bites you but does no damage. The adder bites you.
* * * LOW HITPOINT WARNING * * *
😨 HP[-2]
You take 2 damage, and now have 13/41 hp.
You hit the adder.
You kill the adder!
You closely miss the gnoll. The gnoll hits you but does no damage.
Your Axes skill increases to level 4!
You closely miss the gnoll. The gnoll hits you with a +0 club.
* * * LOW HITPOINT WARNING * * *
The gnoll hits you with a +0 club.
* * * LOW HITPOINT WARNING * * *
The gnoll misses you. The gnoll hits you with a +0 club.
* * * LOW HITPOINT WARNING * * *
😱 HP[-12]
You take 12 damage, and now have 1/41 hp.
MASSIVE DAMAGE!! (PAUSE)
You barely miss the gnoll. Your headbutt misses the gnoll. You hit the gnoll.
The gnoll hits you with a +0 club.
You die...

Skill      XL: |  1  2  3  4 |
---------------+-------------+-----
Fighting       | 4 |  4.8
Axes           | 3 4 |  4.0
Armour         | 4 |  4.2
Shields        | |  3.6

Action                   |  1- 3 |  4- 6 || total
-------------------------+-------+-------++-------
Melee: War axe           |    83 |     9 ||    92
       Headbutt          |     7 |     1 ||     8
Armor: Scale mail        |    36 |     5 ||    41
Dodge: Dodged            |    53 |     5 ||    58
Block: Buckler           |    20 |     4 ||    24

Levels and vault maps discovered:
D:1:      dpeg_arrival_line_fractal, layout_basic
D:2:      layout_loops_ring, serial_shops, shop_fountains,
          chequers_serial_rivers_micro_c, hangedman_decor_push,
          kennysheep_nondescript, kennysheep_decorative_pillar
D:3:      layout_basic, makhleb_altar_promises_db, lightli_sewer_entry_pipes

Notes
Turn   | Place    | Note
-------+----------+-------------------------------------------
     0 | D:1      | Sanktem7 the Minotaur Fighter began the quest for the Orb.
     0 | D:1      | Reached XP level 1. HP: 19/19 MP: 0/0
     0 | D:1      | magus.rc [v1.9.6]
   555 | D:1      | Reached XP level 2. HP: 21/27 MP: 1/1
   676 | D:1      | Reached skill level 4 in Fighting
   734 | D:1      | Reached skill level 3 in Axes
  1326 | D:2      | Reached skill level 4 in Armour
  1332 | D:2      | Reached XP level 3. HP: 31/33 MP: 2/2
  1474 | D:2      | Found Vedu's Book Emporium.
  2141 | D:3      | You pick up a book of Burglary and begin reading...
  2141 | D:3      | You add the spells Passwall, Ensorcelled Hibernation and
                  | Swiftness to your library.
  2222 | D:3      | Reached XP level 4. HP: 23/41 MP: 3/3
  2231 | D:3      | Reached skill level 4 in Axes
  2231 | D:3      | HP: 8/41 [gnoll/+0 club (5)]
  2231 | D:3      | HP: 3/41 [gnoll/+0 club (5)]
  2231 | D:3      | HP: 1/41 [gnoll/+0 club (2)]
  2232 | D:3      | Slain by a gnoll

Vanquished Creatures
  A gnoll (D:3)
  2 adders (D:3)
  A river rat (D:3)
  2 dart slugs
  2 endoplasms (D:1)
  5 giant cockroaches
  4 hobgoblins
  5 jackals
  2 quokkas
  5 ball pythons
  2 bats
  7 frilled lizards
  2 goblins (D:1)
  4 kobolds
  6 rats
50 creatures vanquished.

Table legend:
 A = Non-vault XP
 B = Vault XP
 C = Vault XP percentage of total XP
 D = Non-vault monster count
 E = Vault monster count
 F = Vault count percentage of total count
                 A         B        C        D         E       F
            +---------+---------+-------+---------+---------+-------
      Total |     101 |      26 |  20.5 |      48 |       2 |   4.0
            +---------+---------+-------+---------+---------+-------
        D:1 |      37 |       0 |   0.0 |      24 |       0 |   0.0
        D:2 |      28 |       0 |   0.0 |      16 |       0 |   0.0
        D:3 |      36 |      26 |  41.9 |       8 |       2 |  20.0
            +---------+---------+-------+---------+---------+-------

Illustrated notes

Table legend:
 A = Kills in this place as a percentage of kills in entire the game.
 B = Kills by you in this place as a percentage of kills by you in the entire game.
 C = Kills by friends in this place as a percentage of kills by friends in the entire game.
 D = Other kills in this place as a percentage of other kills in the entire game.
 E = Experience gained in this place as a percentage of experience gained in the entire game.
 F = Experience gained in this place divided by the number of levels of this place that you have seen.
                   A       B       C       D       E      F
               +-------+-------+-------+-------+-------+----------------------
         Total | 100.0 | 100.0 |   N/A |   N/A | 100.0 |  42.3
       Dungeon | 100.0 | 100.0 |   N/A |   N/A | 100.0 |  42.3
               +-------+-------+-------+-------+-------+----------------------

Table legend: (Time is in decaauts)
 A = Elapsed time spent in this place.
 B = Non-inter-level travel time spent in this place.
 C = Inter-level travel time spent in this place.
 D = Time resting spent in this place.
 E = Time spent auto-exploring this place.
 F = Levels seen in this place.
 G = Mean time per level.
                   A        B        C        D        E       F      G
               +--------+--------+--------+--------+--------+-----+--------+
         Total |   2265 |   2203 |     62 |      0 |   1919 |   3 |  755.0 |
       Dungeon |   2265 |   2203 |     62 |      0 |   1919 |   3 |  755.0 |
               +--------+--------+--------+--------+--------+-----+--------+

Top non-repeatable levels by time:
     D:1: 1191 daAuts
     D:2: 755 daAuts
     D:3: 317 daAuts
